 Dungeon Sprint DCSS version 0.21-a0-286-g6fcecc0 (webtiles) character file.

1222 Kidiri the Thaumaturge (level 8, -19/48 HPs)
             Began as a Deep Elf Fire Elementalist on Sept 26, 2017.
             Was a Believer of Vehumet.
             Demolished by a two-headed ogre
             ... wielding a +0 giant club
              (26 damage)
             ... in the Dungeon (Sprint III: "The Ten Rune Challenge").
             The game lasted 00:05:09 (1133 turns).

Kidiri the Thaumaturge (Deep Elf Fire Elementalist) Turns: 1133, Time: 00:05:10

Health: -19/48     AC:  7    Str:  5    XL:     8   Next: 23%
Magic:  3/27       EV: 16    Int: 23    God:    Vehumet [**....]
Gold:   41         SH:  0    Dex: 15    Spells: 16/34 levels left

rFire    + . .     SeeInvis +   j - +0 dagger
rCold    . . .     Gourm    .   (no shield)
rNeg     . . .     Faith    .   a - +0 robe
rPois    .         Spirit   .   (helmet restricted)
rElec    .         Reflect  .   m - +2 cloak {+Inv}
rCorr    .         Harm     .   (no gloves)
MR       .....     NoTele   +   (no boots)
Stlth    ++........             (no amulet)
HPRegen  0.16/turn              (no ring)
MPRegen  0.20/turn              (no ring)

@: slightly contaminated, invisible
A: antennae 1, fangs 1, iridescent scales 1, see invisible, fire resistance 1
a: Renounce Religion


You were in the Dungeon.
You worshipped Vehumet.
Vehumet was pleased with you.
You were not hungry.

You visited 1 branch You collected 41 gold pieces.

Inventory:

Hand Weapons
 j - a +0 dagger (weapon)
Armour
 a - a +0 robe (worn)
 m - a +2 cloak of invisibility (worn)
Scrolls
 o - a scroll of torment
 q - 3 scrolls of remove curse
 t - a scroll of holy word
Potions
 d - a potion of curing
 e - a potion of heal wounds
 f - 2 potions of haste
 g - 2 potions of magic
 h - a potion of berserk rage
 k - a potion of might
 s - 2 potions of flight
Comestibles
 c - a bread ration
 u - 2 royal jellies


   Skills:
 + Level 4.1 Fighting
 + Level 5.1 Short Blades
 + Level 4.2 Armour
 + Level 6.7 Dodging
 - Level 2.4 Stealth
 * Level 13.5 Spellcasting
 + Level 8.2 Conjurations
 + Level 8.8 Fire Magic


You had 16 spell levels left.
You knew the following spells:

 Your Spells              Type           Power        Failure   Level  Hunger
a - Flame Tongue          Conj/Fire      #####        1%          1    None
b - Throw Flame           Conj/Fire      ######       1%          2    None
c - Conjure Flame         Conj/Fire      ######..     1%          3    None
d - Inner Flame           Hex/Fire       #####...     1%          3    None
e - Sticky Flame          Conj/Fire      ######..     1%          4    None
f - Fireball              Conj/Fire      ######....   3%          5    ###....


Dungeon Overview and Level Annotations

Branches:
Dungeon (1/1)

Altars:
Cheibriados
Dithmenos
Elyvilon
Fedhas
Gozag
Hepliaklqana
Kikubaaqudgha
Makhleb
Nemelex Xobeh
Okawaru
Qazlal
Ru
Sif Muna
Trog
Uskayaw
Vehumet
Wu Jian
Xom
Yredelemnul
Zin
The Shining One
Beogh
Jiyva
Lugonu


Innate Abilities, Weirdness & Mutations

You have a pair of small antennae on your head.
You have very sharp teeth.
You are partially covered in iridescent scales. (AC +2)
You have supernaturally acute eyesight. (SInv)
Your flesh is heat resistant. (rF+)


Message History

The two-headed ogre closely misses you.
Unknown command.
You feel much better. The two-headed ogre closely misses you.
The two-headed ogre barely misses you. The two-headed ogre closely misses you.
The two-headed ogre hits you with a giant club.
You fade into invisibility!
You are lightly contaminated with residual magic.
You feel quite a bit more hungry.
The two-headed ogre completely misses you.
The two-headed ogre misses you.
The two-headed ogre closely misses you. x2; The two-headed ogre misses you. x2
The two-headed ogre barely misses you.
The two-headed ogre hits you but does no damage.
The two-headed ogre closely misses you. x2
The two-headed ogre hits you with a giant club!!
Ouch! That really hurt!
* * * LOW HITPOINT WARNING * * *
The two-headed ogre hits you with a giant club!!
Ouch! That really hurt!
You die...

###########
___#___#__#
.).#__)#%_#
##+#+###+##
..........#
.⌠........#
...######'#
.⌠.#__#...#+########
...#__#...#O...#@#.#
+###__#...##.#.O#O#
.).#__#...'##.#O#.#
___#__+...#...#..#..#
▓▓▓▓▓▓▓▓▓▓▓▓▓▓▓▓▓▓▓▓▓
{ { {


You could see 3 two-headed ogres.

Vanquished Creatures
  A deep elf mage (D)
  A shadow (D)
  A spatial vortex (D)
  A necrophage (D)
  A water elemental (D)
  A jelly (D)
  Crazy Yiuf (D)
  A wizard (D)
  A necromancer (D)
  3 humans (D)
  A kobold demonologist (D)
  2 oozes (D)
  2 rats (D)
17 creatures vanquished.

Vanquished Creatures (others)
  2 draconian scorchers (D)
  2 yaktaurs (D)
  6 hellions (D)
10 creatures vanquished.

Grand Total: 27 creatures vanquished

Notes
Turn   | Place    | Note
-------+----------+-------------------------------------------
     0 | D        | Kidiri the Deep Elf Fire Elementalist began the quest for the Orb.
     0 | D        | Reached XP level 1. HP: 10/10 MP: 6/6
     5 | D        | Reached skill level 4 in Spellcasting
    55 | D        | Reached XP level 2. HP: 15/15 MP: 4/9
    59 | D        | Learned a level 2 spell: Throw Flame
   103 | D        | Reached skill level 5 in Spellcasting
   140 | D        | Noticed Crazy Yiuf
   145 | D        | Killed a hellion
   145 | D        | Killed a hellion
   146 | D        | Killed a hellion
   146 | D        | Killed a hellion
   147 | D        | Killed Crazy Yiuf
   147 | D        | Reached skill level 6 in Spellcasting
   147 | D        | Reached XP level 3. HP: 19/19 MP: 0/13
   152 | D        | Learned a level 3 spell: Conjure Flame
   152 | D        | Killed a white draconian scorcher
   156 | D        | Learned a level 3 spell: Inner Flame
   158 | D        | Killed a hellion
   190 | D        | Killed a hellion
   230 | D        | Killed a yaktaur
   251 | D        | Gained mutation: You are partially covered in iridescent scales. (AC +2) [potion of mutation]
   251 | D        | Gained mutation: Your mind is acute. (Int +2) [potion of mutation]
   251 | D        | Gained mutation: Your flesh is heat resistant. (rF+) [potion of mutation]
   252 | D        | Lost mutation: Your flesh is heat resistant. (rF+) [potion of mutation]
   252 | D        | Lost mutation: Your mind is acute. (Int +2) [potion of mutation]
   252 | D        | Gained mutation: You are weak. (Str -2) [potion of mutation]
   252 | D        | Gained mutation: You have very sharp teeth. [potion of mutation]
   253 | D        | Lost mutation: You are weak. (Str -2) [potion of mutation]
   253 | D        | Gained mutation: You have a pair of small antennae on your head. [potion of mutation]
   253 | D        | Gained mutation: You have supernaturally acute eyesight. (SInv) [potion of mutation]
   253 | D        | Gained mutation: Your flesh is heat resistant. (rF+) [potion of mutation]
   275 | D        | Reached skill level 7 in Spellcasting
   275 | D        | Reached skill level 5 in Fire Magic
   290 | D        | Killed a white draconian scorcher
   369 | D        | Noticed a water elemental
   372 | D        | Killed a water elemental
   372 | D        | Reached skill level 9 in Spellcasting
   372 | D        | Reached skill level 5 in Conjurations
   372 | D        | Reached XP level 4. HP: 24/24 MP: 7/17
   386 | D        | Learned a level 4 spell: Sticky Flame
   507 | D        | Found a radiant altar of Vehumet.
   508 | D        | Found a deep blue altar of Sif Muna.
   508 | D        | Found an ancient bone altar of Kikubaaqudgha.
   508 | D        | Noticed a wizard
   510 | D        | Killed a yaktaur
   512 | D        | Killed a wizard
   512 | D        | Reached XP level 5. HP: 25/28 MP: 8/19
   512 | D        | Reached skill level 10 in Spellcasting
   526 | D        | Learned a level 5 spell: Fireball
   531 | D        | Became a worshipper of Vehumet
   619 | D        | Found a glowing silver altar of Zin.
   620 | D        | Found a glowing golden altar of the Shining One.
   620 | D        | Found a white marble altar of Elyvilon.
   620 | D        | Noticed a deep elf mage
   628 | D        | Killed a deep elf mage
   628 | D        | Reached skill level 5 in Dodging
   628 | D        | Reached skill level 12 in Spellcasting
   628 | D        | Reached XP level 6. HP: 31/37 MP: 15/23
   628 | D        | Reached XP level 7. HP: 34/41 MP: 15/24
   728 | D        | Found an ornate altar of the Wu Jian Council.
   728 | D        | Found a roughly hewn altar of Beogh.
   728 | D        | Found an iron altar of Okawaru.
   728 | D        | Found a bloodstained altar of Trog.
   728 | D        | Found a hide-covered altar of Uskayaw.
   728 | D        | Noticed a human
   730 | D        | Noticed a human
   735 | D        | Killed a human
   736 | D        | Killed a human
   736 | D        | Reached * piety under Vehumet
   736 | D        | Offered knowledge of Sandblast by Vehumet.
   873 | D        | Found a basalt altar of Yredelemnul.
   873 | D        | Found a shadowy altar of Dithmenos.
   873 | D        | Found a sacrificial altar of Ru.
   877 | D        | Reached skill level 13 in Spellcasting
   966 | D        | Noticed a shadow
   970 | D        | Killed a shadow
   970 | D        | Reached ** piety under Vehumet
   970 | D        | Offered knowledge of Sting by Vehumet.
   970 | D        | Reached XP level 8. HP: 48/48 MP: 20/27
  1020 | D        | Found a blossoming altar of Fedhas.
  1020 | D        | Found a stormy altar of Qazlal.
  1020 | D        | Found a snail-covered altar of Cheibriados.
  1020 | D        | Found a burning altar of Makhleb.
  1020 | D        | Found a shimmering altar of Xom.
  1021 | D        | Found a hazy altar of Hepliaklqana.
  1021 | D        | Found an opulent altar of Gozag.
  1021 | D        | Found a sparkling altar of Nemelex Xobeh.
  1021 | D        | Found a corrupted altar of Lugonu.
  1021 | D        | Found a viscous altar of Jiyva.
  1036 | D        | Reached skill level 5 in Short Blades
  1133 | D        | Demolished by a two-headed ogre

Vault maps used:
D:        dungeon_sprint_mu

Skill      XL: |  1  2  3  4  5  6  7  8 |
---------------+-------------------------+-----
Spellcasting   | 4 6 9 12 13 | 13.5
Conjurations   | 2 3 5 7 8 |  8.2
Fire Magic     | 4 6 7 8 |  8.8
Fighting       | 3 4 |  4.1
Short Blades   | 3 4 5 |  5.1
Armour         | 3 4 |  4.2
Dodging        | 5 6 |  6.7
Stealth        | |  2.4

Action                   |  1- 3 |  4- 6 |  7- 9 || total
-------------------------+-------+-------+-------++-------
Melee: Dagger            |       |     4 |     2 ||     6
 Cast: Flame Tongue      |    18 |       |    33 ||    51
       Throw Flame       |     3 |       |       ||     3
       Conjure Flame     |     1 |       |     4 ||     5
       Sticky Flame      |       |     3 |     1 ||     4
       Inner Flame       |       |       |     6 ||     6
 Abil: Evoke Invisibilit |     2 |     2 |     4 ||     8
  Use: Scroll            |     3 |       |     1 ||     4
       Potion            |     3 |       |     1 ||     4
 Stab: Invisible         |       |     2 |     1 ||     3
       Sleeping          |       |     1 |       ||     1
  Eat: Fruit             |     1 |       |     3 ||     4
       Chunk             |       |       |     1 ||     1
Armor: Robe              |       |       |     1 ||     1
Dodge: Dodged            |     1 |     7 |    20 ||    28

Table legend:
 A = Spawn XP
 B = Non-spawn XP
 C = Spawn XP percentage of total XP
 D = Spawn monster count
 E = Non-spawn monster count
 F = Spawn count percentage of total count
 G = Total turns spent on level
                    A         B        C        D         E        F      G
               +---------+---------+-------+---------+---------+-------+---------
         Total |       0 |    1747 |   0.0 |       0 |      17 |   0.0 |  1133
               +---------+---------+-------+---------+---------+-------+---------
             D |       0 |    1747 |   0.0 |       0 |      17 |   0.0 |  1133
               +---------+---------+-------+---------+---------+-------+---------
